 Dungeon Crawl Stone Soup version 0.26.0-45-g9c1d065592 (webtiles) character file.

Game seed: 16047821384257695897

128 swilekon the Skirmisher (level 5, -2/37 HPs)
             Began as an Octopode Fighter on Jan 30, 2021.
             Slain by a gnoll
             ... wielding a +0 halberd
              (17 damage)
             ... on level 3 of the Dungeon.
             The game lasted 00:02:53 (1758 turns).

swilekon the Skirmisher (Octopode Fighter)          Turns: 1758, Time: 00:02:53

Health: -2/37      AC:  1    Str: 17    XL:     5   Next: 11%
Magic:  5/5        EV: 12    Int: 10    God:
Gold:   112        SH:  9    Dex: 11    Spells: 4/4 levels left

rFire    . . .     SeeInvis .   a - +0 war axe
rCold    . . .     Faith    .   b - +0 kite shield
rNeg     . . .     Spirit   .   (helmet restricted)
rPois    .         Reflect  .   (no amulet)
rElec    .         Harm     .   (no ring)
rCorr    .         Rampage  .   (no ring)
Will     .....                  (no ring)
Stlth    ++........             (no ring)
HPRegen  0.12/turn              (no ring)
MPRegen  0.09/turn              (no ring)
                                (no ring)
                                (no ring)

@: no status effects
A: almost no armour, stealthy swim, amphibious, 8 rings, constrict 8, camouflage
1, gelatinous body 1
a: no special abilities


You were on level 3 of the Dungeon.
You visited 1 branch of the dungeon, and saw 3 of its levels.

You collected 112 gold pieces.

Inventory:

Hand Weapons
 a - a +0 war axe (weapon)
Armour
 b - a +0 kite shield (worn)
Scrolls
 e - 2 scrolls of enchant armour {unknown}
 f - 3 scrolls of teleportation {unknown}
 g - 4 scrolls of amnesia {unknown}
 h - 4 scrolls of remove curse {unknown}
 i - a scroll of blinking {unknown}
 k - a scroll of enchant weapon {unknown}
 m - 3 scrolls of identify {unknown}
Potions
 c - a potion of might
 d - 3 potions of curing
 j - a potion of heal wounds {unknown}
 l - a potion of flight {unknown}


   Skills:
 + Level 3.7 Fighting
 + Level 2.8 Axes
 + Level 3.6 Dodging
 + Level 3.6 Shields
 + Level 1.6 Unarmed Combat


You had 4 spell levels left.
You didn't know any spells.
Your spell library was empty.

Dungeon Overview and Level Annotations

Branches:
Dungeon (3/15)

Altars:
Ashenzari
Nemelex Xobeh


Innate Abilities, Weirdness & Mutations

You cannot wear most types of armour.
You are very stealthy in the water. (Stealth+)
You are amphibious.
You can wear up to eight rings at the same time.
You can use your tentacles to constrict eight enemies at once.
Your skin changes colour to match your surroundings (Stealth+).
Your rubbery body absorbs attacks. (AC +1, EV +1)


Message History

You feel stronger.
The gnoll hits you with a cursed +0 halberd!
* * * LOW HITPOINT WARNING * * *
You see here a +0 spear.
You feel better. The gnoll barely misses you.
The gnoll shouts!
You hit the gnoll. You grab the gnoll.
You squeeze the gnoll, but do no damage.
The gnoll is lightly wounded.
You constrict the gnoll.
You hear a shout!
The gnoll closely misses you.
You hit the gnoll. You squeeze the gnoll.
You kill the gnoll!
A gnoll comes into view. It is wielding a +0 spear.
You block the leopard gecko's attack.
You closely miss the leopard gecko. Your grab misses the leopard gecko.
You block the leopard gecko's attack.
The gnoll hits you from afar with a +0 halberd!
You die...

#.#.#.###.## ..#.#.# #.#
###.#.###.# .......##.#
.####.###.# .# #.###.#
.####.....# .
.....####.##########....
...........()...@lgg....
..#...##############....
.............. .
..#...#.......
..##.......... #
..###.#.......
..#...........
..###.#....... ##+
#####......... ...


You could see 2 gnolls and a leopard gecko.

Vanquished Creatures
  A worker ant (D:3)
  2 gnolls (D:3)
  An adder (D:2)
  An ooze (D:3)
  2 worms (D:2)
  2 dart slugs
  2 leopard geckos (D:3)
  7 bats
  4 giant cockroaches
  10 goblins
  11 hobgoblins
  2 jackals (D:3)
  A quokka (D:3)
  A ball python (D:1)
  3 frilled lizards
  2 kobolds
  4 rats
56 creatures vanquished.

Notes
Turn   | Place    | Note
-------+----------+-------------------------------------------
     0 | D:1      | swilekon the Octopode Fighter began the quest for the Orb.
     0 | D:1      | Reached XP level 1. HP: 16/16 MP: 1/1
   124 | D:1      | Reached XP level 2. HP: 20/21 MP: 2/2
   626 | D:1      | Reached XP level 3. HP: 26/26 MP: 3/3
   795 | D:2      | Reached skill level 1 in Unarmed Combat
  1123 | D:2      | Reached XP level 4. HP: 31/31 MP: 4/4
  1290 | D:3      | Found a sparkling altar of Nemelex Xobeh.
  1724 | D:3      | Found a broken altar of Ashenzari.
  1754 | D:3      | Reached XP level 5. HP: 22/37 MP: 5/5
  1758 | D:3      | Slain by a gnoll

Illustrated notes

Levels and vault maps discovered:
D:1:      saegor_arrival_simple_b, layout_basic
D:2:      layout_rooms
D:3:      layout_basic, old_standard_altar, general_overflow_altar,
          old_standard_altar

Skill      XL: |  1  2  3 |
---------------+----------+-----
Unarmed Combat | 1 |  1.6
Fighting       | |  3.7
Axes           | |  2.8
Dodging        | |  3.6
Shields        | |  3.6

Action                   |  1- 3 |  4- 6 || total
-------------------------+-------+-------++-------
Melee: War axe           |    58 |    42 ||   100
       Constrict         |    20 |     8 ||    28
       Tentacles         |    18 |    10 ||    28
       Punch             |       |     1 ||     1
  Use: Potion            |       |     2 ||     2
 Stab: Sleeping          |     6 |     3 ||     9
Armor: Skin              |     6 |     2 ||     8
Dodge: Dodged            |    29 |    28 ||    57
Block: Kite shield       |    29 |    15 ||    44
